 Dungeon Crawl Stone Soup version 0.26-a0-690-gcb57259 (webtiles) character file.

Game seed: 5046321844919807987

4618 Mopster the Cleaver (level 10, -6/90 HPs)
             Began as a Minotaur Berserker on Oct 23, 2020.
             Was a High Priest of Trog.
             Mangled by a troll (10 damage)
             ... on level 9 of the Dungeon.
             The game lasted 00:24:19 (6510 turns).

Mopster the Cleaver (Minotaur Berserker)            Turns: 6510, Time: 00:24:20

Health: -6/90      AC: 11    Str: 21    XL:     10   Next: 19%
Magic:  9/9        EV: 15    Int:  4    God:    Trog [*****.]
Gold:   636        SH:  0    Dex: 14    Spells: 9/9 levels left

rFire    + . .     SeeInvis .   y - +5 war axe (flame)
rCold    + . .     Faith    +   (no shield)
rNeg     + . .     Spirit   .   q - +5 ring mail of Oblivion {rN+}
rPois    .         Reflect  .   (helmet restricted)
rElec    .         Harm     .   t - scarf {rC+ rF+}
rCorr    .         Rampage  .   (no gloves)
MR       .....                  (no boots)
Stlth    +.........             u - amulet of faith
HPRegen  0.25/turn              (no ring)
MPRegen  0.11/turn              (no ring)

@: berserk cooldown, slowed, very slow
A: retaliatory headbutt, horns 2
a: Berserk, Trog's Hand, Brothers in Arms, Renounce Religion


You were on level 9 of the Dungeon.
You worshipped Trog.
Trog was extremely pleased with you.
You visited 1 branch of the dungeon, and saw 9 of its levels.
You also visited: Ossuary.

You collected 636 gold pieces.

Inventory:

Hand Weapons
 m - a +2 broad axe of flaming
 y - a +5 war axe of flaming (weapon)
Armour
 q - the +5 ring mail of Oblivion (worn) {rN+}
   (You found it on level 4 of the Dungeon)

   It protects you from negative energy.
 t - a scarf of resistance (worn)
 A - +0 swamp dragon scales
Jewellery
 a - an uncursed ring of ice
 u - an amulet of faith (around neck)
Wands
 n - a wand of paralysis (8)
 w - a wand of iceblast (12)
Scrolls
 c - 5 scrolls of remove curse
 h - a scroll of fog
 j - a scroll of teleportation
 o - 3 scrolls of enchant armour
 p - a scroll of blinking
 s - a scroll of amnesia {unknown}
 x - a scroll of brand weapon {unknown}
 z - a scroll of magic mapping {unknown}
Potions
 b - 7 potions of cancellation {unknown}
 d - 2 potions of stabbing {unknown}
 e - 6 potions of might {unknown}
 f - a potion of brilliance {unknown}
 g - 4 potions of curing {unknown}
 i - a potion of magic {unknown}
 k - 5 potions of heal wounds {unknown}
 l - 3 potions of ambrosia {unknown}
 r - 3 potions of mutation {unknown}
 v - a potion of flight {unknown}


   Skills:
 + Level 8.9 Fighting
 + Level 12.8 Axes
 + Level 7.0 Armour
 + Level 6.6 Dodging
 - Level 0.8 Stealth


You had 9 spell levels left.
You didn't know any spells.
Your spell library contained the following spells:

 Spells                   Type           Power        Failure   Level
 Beastly Appendage        Tmut           #.....       65%         1
 Wereblood                Tmut           #.......     78%         2
 Spider Form              Tmut/Pois      #.........   95%         3
 Ice Form                 Ice/Tmut       #.......     100%        4
 Blade Hands              Tmut           #.........   100%        5


Dungeon Overview and Level Annotations

Branches:
Dungeon (9/15)             Temple (0/1) D:5            Lair (0/6) D:9
Ossuary (visited)
    Orc: D:9-12

Altars:
Cheibriados
Dithmenos
Qazlal
Ru
Trog
Wu Jian
Yredelemnul
The Shining One

Shops:
D:6 *


Innate Abilities, Weirdness & Mutations

You reflexively headbutt those who attack you in melee.
You have a pair of horns on your head.


Message History

Your headbutt misses the orc wizard.
The orc wizard is severely wounded.
The orc wizard closely misses you.
The orc warrior hits you from afar with a +0 glaive!
* * * LOW HITPOINT WARNING * * *
The orc wizard hits you but does no damage.
Press: ? - help, Dir - move target cursor
As you read the scroll of blinking, it crumbles to dust.
The orc wizard casts a spell at you. The magic dart hits you!
* * * LOW HITPOINT WARNING * * *
You open the door.
A troll comes into view.
The troll shouts!
Found a ring mail.
The orc wizard gestures wildly while chanting.
The orc wizard blinks!
There is an open door here.
You close the door.
The troll bites you!
You die...

#.......# #.......#
#.....[.# #.......#
#.......# #.......#
+.T.....# ## #@.....# 8
##8##+###### ..#...#.#
........# .......o#
......[)# #####
..#...#o####### #.... .
##8##..>.<..# #....
################..o..>.###
#....


You could see a troll.

Vanquished Creatures
  The ghost of Gigglenaut the Ogre Mage, a novice OgIE (D:7)
  Maggie (D:9)
  Grinder (D:6)
  A steam dragon (D:9)
  2 wargs (D:9)
  Menkaure (D:7)
  3 orc warriors (D:9)
  A black bear (D:8)
  4 sky beasts
  A phantom (D:5)
  3 ogres
  2 big kobolds (D:4)
  3 bullfrogs
  3 water moccasin zombies
  2 scorpions (D:6)
  3 wights (D:8)
  A bullfrog zombie (D:9)
  A centaur zombie (D:8)
  A quasit (D:7)
  11 orc wizards
  A bullfrog skeleton (D:7)
  8 orc priests
  4 hounds
  A jelly (D:7)
  An iguana (D:9)
  3 worker ants
  A killer bee zombie (D:7)
  4 big kobold zombies (Ossuary)
  A hound zombie (D:7)
  2 hound skeletons
  A howler monkey skeleton (D:5)
  2 mummies (Ossuary)
  A worker ant zombie (D:5)
  8 gnolls
  6 adders
  A shadow imp (D:8)
  A white imp (D:5)
  An ufetubus (D:8)
  5 adder skeletons
  9 adder zombies (Ossuary)
  3 worms
  A dart slug (D:1)
  4 leopard geckos
  42 orcs
  3 ball pythons
  4 bats
  3 giant cockroaches
  6 hobgoblins
  8 jackals
  A quokka (D:3)
  4 frilled lizards
  3 gnoll zombies
  6 goblins
  5 hobgoblin zombies (Ossuary)
  13 kobolds
  5 kobold zombies (Ossuary)
  A leopard gecko zombie (D:5)
  2 orc zombies (Ossuary)
  2 quokka skeletons (D:5)
  A quokka zombie (D:5)
  5 rats
229 creatures vanquished.

Notes
Turn   | Place    | Note
-------+----------+-------------------------------------------
     0 | D:1      | Mopster the Minotaur Berserker began the quest for the Orb.
     0 | D:1      | Reached XP level 1. HP: 19/19 MP: 0/0
   266 | D:1      | Reached XP level 2. HP: 27/27 MP: 1/1
   345 | D:1      | Reached skill level 4 in Axes
  1088 | D:2      | Reached XP level 3. HP: 30/33 MP: 2/2
  1318 | D:2      | Reached ** piety under Trog
  1318 | D:2      | Reached XP level 4. HP: 41/41 MP: 3/3
  1541 | D:2      | You fall into a shaft and drop 2 floors!
  1541 | D:4      | Found a bloodstained altar of Trog.
  1638 | D:4      | Got a distressingly furry ring mail
  1670 | D:4      | Identified the +5 ring mail of Oblivion {rN+} (You found it
                  | on level 4 of the Dungeon)
  2110 | D:3      | Reached skill level 5 in Fighting
  2110 | D:3      | Reached skill level 5 in Axes
  2324 | D:4      | Reached XP level 5. HP: 48/48 MP: 4/4
  2356 | D:4      | Reached XP level 6. HP: 56/56 MP: 5/5
  2619 | D:4      | Found a shadowy altar of Dithmenos.
  2620 | D:4      | Found a sacrificial altar of Ru.
  2622 | D:4      | Found a snail-covered altar of Cheibriados.
  2830 | D:5      | Entered Level 5 of the Dungeon
  2884 | D:5      | Found a staircase to the Ecumenical Temple.
  2989 | D:5      | Reached skill level 6 in Axes
  3046 | D:5      | Reached *** piety under Trog
  3223 | D:5      | Reached XP level 7. HP: 51/62 MP: 6/6
  3227 | D:5      | Reached skill level 7 in Axes
  3596 | D:5      | Reached skill level 8 in Axes
  3762 | D:6      | Found Dofemman's Assorted Antiques.
  3765 | D:6      | Noticed Grinder
  3770 | D:6      | Reached skill level 5 in Armour
  3773 | D:6      | Killed Grinder
  3773 | D:6      | Reached XP level 8. HP: 70/70 MP: 7/7
  3963 | D:6      | Reached skill level 9 in Axes
  4078 | D:6      | Reached **** piety under Trog
  4133 | D:6      | Found a sand-covered staircase.
  4141 | Ossuary  | Entered an ossuary
  4163 | Ossuary  | Reached skill level 5 in Dodging
  4953 | D:7      | Reached skill level 10 in Axes
  4966 | D:7      | Reached ***** piety under Trog
  5017 | D:7      | Found a sacrificial altar of Ru.
  5093 | D:7      | Reached XP level 9. HP: 65/79 MP: 8/8
  5158 | D:7      | Found a runed translucent gate.
  5158 | D:7      | Found a runed translucent gate.
  5158 | D:7      | Found a runed translucent gate.
  5193 | D:7      | Noticed Gigglenaut's ghost (novice OgIE)
  5544 | D:7      | Noticed Menkaure
  5553 | D:7      | Killed Menkaure
  5580 | D:7      | Found a basalt altar of Yredelemnul.
  5644 | D:7      | Killed Gigglenaut's ghost
  5644 | D:7      | Reached skill level 11 in Axes
  5702 | D:8      | Received a gift from Trog
  6061 | D:8      | Found a glowing golden altar of the Shining One.
  6062 | D:8      | Found an ornate altar of the Wu Jian Council.
  6063 | D:8      | Found a stormy altar of Qazlal.
  6159 | D:8      | Reached skill level 12 in Axes
  6322 | D:9      | Found a staircase to the Lair.
  6332 | D:9      | Reached XP level 10. HP: 84/90 MP: 9/9
  6405 | D:9      | Noticed Maggie
  6416 | D:9      | Killed Maggie
  6506 | D:9      | HP: 2/90 [orc wizard/magic dart (8)]
  6510 | D:9      | Mangled by a troll

Illustrated notes

Levels and vault maps discovered:
D:1:      dpeg_arrival_renting, layout_basic
D:2:      layout_basic, minmay_misc_feat_more_columns, supply_closet_lemuel,
          minmay_fractal_squares_gapless_5
D:3:      layout_basic
D:4:      cheibrodos_thug_alley, layout_cave_pools, bloody_trog,
          gammafunk_temple_overflow_forgotten
D:5:      layout_cave_pools, minmay_temple_entry_glassed_door, serial_rivers,
          chequers_serial_rivers_micro_e, chequers_serial_rivers_micro_a,
          chequers_serial_rivers_small_3, chequers_serial_rivers_small_a,
          chequers_serial_rivers_room_a, chequers_serial_rivers_micro_d
D:6:      layout_gridville, serial_shops, shop, nicolae_ossuary_entry_plus,
          uniq_grinder
D:7:      layout_rooms, lemuel_zombie_altar_yredelemnul,
          ebering_ghost_rock_garden, nicolae_ru_sacrificial_ziggurat,
          uniq_menkaure
D:8:      layout_basic, chequers_temple_overflow_statue_of_worship
D:9:      layout_roguey, erik_lair_orcish_takeover, david_orc_4, uniq_grum,
          uniq_maggie

Skill      XL: |  1  2  3  4  5  6  7  8  9 10 |
---------------+-------------------------------+-----
Fighting       | 4 5 6 7 8 |  8.9
Axes           | 4 5 6 8 10 12 | 12.8
Dodging        | 3 4 5 6 |  6.6
Armour         | 3 4 5 6 7 |  7.0
Stealth        | |  0.8

Action                   |  1- 3 |  4- 6 |  7- 9 | 10-12 || total
-------------------------+-------+-------+-------+-------++-------
Melee: Hand axe          |    48 |   152 |   295 |       ||   495
       Headbutt          |     9 |    31 |    88 |     6 ||   134
       War axe           |       |       |    48 |    33 ||    81
Invok: Berserk           |     1 |     4 |     9 |     2 ||    16
  Use: Scroll            |       |     5 |     3 |     1 ||     9
 Stab: Sleeping          |     1 |       |       |       ||     1
Armor: Animal skin       |     4 |       |       |       ||     4
       Ring mail         |     5 |    54 |    92 |     7 ||   158
Dodge: Dodged            |    33 |    88 |   151 |    18 ||   290

Table legend: (Time is in decaauts)
 A = Elapsed time spent in this place.
 B = Non-inter-level travel time spent in this place.
 C = Inter-level travel time spent in this place.
 D = Time resting spent in this place.
 E = Time spent auto-exploring this place.
 F = Levels seen in this place.
 G = Mean time per level.
                   A        B        C        D        E       F      G
               +--------+--------+--------+--------+--------+-----+--------+
         Total |   6582 |   5772 |    810 |    235 |   4263 |  10 |  658.2 |
       Dungeon |   6189 |   5379 |    810 |     51 |   4250 |   9 |  687.7 |
       Ossuary |    393 |    393 |      0 |    184 |     13 |   1 |  393.0 |
               +--------+--------+--------+--------+--------+-----+--------+

Top non-repeatable levels by time:
     D:1: 914 daAuts
     D:5: 905 daAuts
     D:6: 787 daAuts
     D:7: 731 daAuts
     D:4: 712 daAuts
     D:3: 643 daAuts
     D:2: 638 daAuts
     D:8: 616 daAuts
 Ossuary: 393 daAuts
     D:9: 238 daAuts
